 Dungeon Crawl Stone Soup version 0.14-a0-1844-g8283a67 (webtiles) character file.

494 M4edhros the Poker (level 6, -2/42 HPs)
             Began as an Octopode Chaos Knight on Jan 12, 2014.
             Was a Plaything of Xom.
             Slain by a gnoll
             ... wielding a +0,+0 spear
              (8 damage)
             ... on Level 4 of the Dungeon.
             The game lasted 00:01:46 (1840 turns).

M4edhros the Poker (Octopode Chaos Knight)          Turns: 1840, Time: 00:01:46

HP  -2/42        AC  1     Str 12      XL: 6   Next: 71%
MP   6/6         EV 12     Int 16      God: Xom
Gold 121         SH  0     Dex 11      Spells:  0 memorised,  5 levels left

rFire  . . .     SeeInvis .     a - +0 spear (chaos)
rCold  . . .     Clarity  .     (no shield)
rNeg   . . .     Conserve .     (helmet restricted)
rPois  .         rCorr    .     (no amulet)
rElec  .         rRot     .     (no ring)
SustAb . .       Spirit   .     (no ring)
rMut   .         Warding  .     (no ring)
Saprov . . .     Stasis   .     (no ring)
                                (no ring)
                                (no ring)
                                (no ring)
                                (no ring)

@: confused, mildly poisoned, slightly resistant to hostile enchantments,
unstealthy
A: almost no armour, amphibious, 8 rings, constrict 8, camouflage 1, gelatinous
body 1
a: Renounce Religion


You were on level 4 of the Dungeon.
You worshipped Xom.
You were a toy of Xom.
You were not hungry.

You visited 1 branch of the dungeon, and saw 4 of its levels.

You collected 121 gold pieces.

Inventory:

Hand weapons
 a - a +0,+0 spear of chaos (weapon)
Comestibles
 c - 2 bread rations
 f - an apple
Scrolls
 b - a scroll of curse jewellery {unknown}
 d - 2 scrolls of noise {unknown}
 g - a scroll of enchant armour {unknown}
 i - 2 scrolls of identify {unknown}
 k - a scroll of enchant weapon I {unknown}
Jewellery
 e - an uncursed ring of ice
 j - an uncursed ring of ice
Potions
 n - a potion of invisibility {unknown}


   Skills:
 - Level 3.0 Fighting
 + Level 7.3 Polearms
 - Level 2.3 Dodging


You had 5 spell levels left.
You didn't know any spells.

Dungeon Overview and Level Annotations

Branches:
Dungeon (4/16)
 Temple: D:4-7

Altars:

Annotations:
D:3 zkyp's ghost, average DgSu


Innate Abilities, Weirdness & Mutations

You cannot wear most types of armour.
You are amphibious.
You can wear up to eight rings at the same time.
You can use your tentacles to constrict many enemies at once.
Your skin changes colour to match your surroundings (Stlth).
Your rubbery body absorbs attacks (AC +1).


Message History

You reach to attack!
You barely miss the gnoll.
The gnoll hits you from afar with a spear.
Your magical contamination has completely faded away.
Attack whom?
Press: ? - help, Dir - move target cursor, f/p - gnoll
Aim: a gnoll, wielding a spear You reach to attack!
You hit the gnoll.
The gnoll seems to speed up.
The gnoll is lightly wounded.
The gnoll hits you from afar with a spear!
* * * LOW HITPOINT WARNING * * *
A gnoll is nearby!
You are too injured to fight recklessly!
The gnoll barely misses you.
Drink which item? (? for menu, Esc to quit)
That liquid tasted very nasty...
You are poisoned.
It was a potion of poison.
The gnoll hits you but does no damage.
Drink which item? (? for menu, Esc to quit)
You are confused.
It was a potion of confusion.
The gnoll hits you with a spear!
You die...

###.§#'#####......P.
#..#.[)..########.
####).#..#
#..)§)####
#.§##'#..##+#
####........+
#...§§#####.#
#..##§# +.#####
+..#..# #..'@g#
#§.#..# #..#..#
###§##### ##.#####
#.§.# #..)..# #..§#
#..#.)#
#+#.#####+##.#####
#......§...#
#..#'##....+
####)§##)###


You could see a gnoll.

Vanquished Creatures
  Grinder (D:3)
  An orc wizard (D:2)
  4 gnolls (D:4)
  2 adders (D:2)
  2 worms (D:2)
  A giant gecko (D:2)
  An ooze (D:1)
  6 orcs
  A ball python (D:2)
  2 goblins
  8 hobgoblins
  6 jackals
  5 kobolds (D:1)
  A quokka (D:2)
  4 bats
  3 giant newts (D:1)
  2 rats (D:1)
50 creatures vanquished.

Vanquished Creatures (collateral kills)
  A rat (D:2)
1 creature vanquished.

Vanquished Creatures (others)
  A ball python zombie (D:2)
1 creature vanquished.

Grand Total: 52 creatures vanquished

Notes
Turn   | Place    | Note
--------------------------------------------------------------
     0 | D:1      | M4edhros, the Octopode Chaos Knight, began the quest for the Orb.
     0 | D:1      | Reached XP level 1. HP: 16/16 MP: 1/1
   158 | D:1      | Reached XP level 2. HP: 18/21 MP: 2/2
   275 | D:1      | XOM: harmless Fire miscast
   486 | D:1      | Reached skill level 4 in Polearms
   692 | D:2      | XOM: confuse monster(s)
   693 | D:2      | Reached XP level 3. HP: 17/26 MP: 3/3
   956 | D:2      | Reached XP level 4. HP: 28/31 MP: 4/4
  1304 | D:3      | Noticed Grinder
  1319 | D:3      | Killed Grinder
  1319 | D:3      | Reached skill level 6 in Polearms
  1319 | D:3      | Reached XP level 5. HP: 23/36 MP: 5/5
  1319 | D:3      | Reached XP level 6. HP: 26/42 MP: 6/6
  1319 | D:3      | XOM: divination: detect items
  1510 | D:2      | Reached skill level 7 in Polearms
  1710 | D:3      | Noticed zkyp's ghost (average DgSu)
  1710 | D:3      | XOM: cast spell 'Dispersal'
  1712 | D:3      | XOM: confuse monster(s)
  1724 | D:3      | XOM: potion effect (speed)
  1738 | D:4      | XOM: colour smoke trail
  1840 | D:4      | Slain by a gnoll

Action                   |  1- 3 |  4- 6 || total
-------------------------+-------+-------++-------
Melee: Spear             |    83 |    55 ||   138
  Use: Potion            |       |     4 ||     4
 Stab: Sleeping          |     2 |     6 ||     8
       Distracted        |     1 |       ||     1
       Petrifying        |     1 |       ||     1
       Confused          |       |     1 ||     1
